 Dungeon Crawl Stone Soup version 0.24.0-123-gd5b16e6ec5 (webtiles) character file.

Game seed: 4566332139505154263, levelgen mode: deterministic

38 FishyPogo the Cutter (level 3, -6/29 HPs)
             Began as a Demonspawn Chaos Knight on Jan 26, 2020.
             Was a Plaything of Xom.
             Mangled by a sixfirhy (9 damage)
             ... summoned by Xom
             ... on level 1 of the Dungeon.
             The game lasted 00:01:25 (918 turns).

FishyPogo the Cutter (Demonspawn Chaos Knight)       Turns: 918, Time: 00:01:27

Health: -6/29      AC:  5    Str: 13    XL:     3   Next: 25%
Magic:  3/3        EV: 11    Int: 13    God:    Xom [......]
Gold:   51         SH:  0    Dex: 12    Spells: 2/2 levels left

rFire    . . .     SeeInvis .   a - +0 short sword (chaos)
rCold    . . .     Gourm    .   (no shield)
rNeg     . . .     Faith    .   b - +2 leather armour
rPois    .         Spirit   .   (no helmet)
rElec    .         Reflect  .   (no cloak)
rCorr    .         Harm     .   (no gloves)
MR       .....                  (no boots)
Stlth    +.........             (no amulet)
HPRegen  0.09/turn              (no ring)
MPRegen  0.08/turn              (no ring)

@: no status effects
A: foul stench 1, rot immunity
a: Renounce Religion


You were on level 1 of the Dungeon.
You worshipped Xom.
You were a very special plaything of Xom.
You were not hungry.

You visited 1 branch of the dungeon, and saw 1 of its levels.

You collected 51 gold pieces.

Inventory:

Hand Weapons
 a - a +0 short sword of chaos (weapon)
Missiles
 i - 4 boomerangs (quivered)
 n - 3 poisoned darts
 o - 47 sling bullets
Armour
 b - a +2 leather armour (worn)
Scrolls
 h - a scroll of teleportation {unknown}
 k - a scroll of remove curse {unknown}
 l - a scroll of identify {unknown}
 m - a scroll of magic mapping {unknown}
Potions
 d - a potion of curing {unknown}
 e - 4 potions of lignification {unknown}
 g - a potion of magic {unknown}
 j - a potion of brilliance {unknown}
 p - a potion of heal wounds {unknown}
Comestibles
 c - 3 rations


   Skills:
 + Level 3.3 Fighting
 * Level 3.4 Short Blades
 + Level 2.2 Armour
 - Level 1.0 Dodging


You had 2 spell levels left.
You didn't know any spells.
Your spell library was empty.

Dungeon Overview and Level Annotations

Branches:
Dungeon (1/15)

Altars:


Innate Abilities, Weirdness & Mutations

You may emit foul miasma when damaged in melee.
You are immune to rotting.


Message History

You kill the bat!
No target in view!
No target in view!
No target in view!
All of the chunks of flesh in your inventory have rotted away. "Let's see if it's strong enough to survive yet."
Search for what [? for help]? dag A sixfirhy is nearby!
You closely miss the sixfirhy. You closely miss the sixfirhy.
The sixfirhy hits you! The sixfirhy shocks you!
* * * LOW HITPOINT WARNING * * *
Xom is highly amused!
The sixfirhy closely misses you.
You hit the sixfirhy.
The sixfirhy flickers and vanishes!
Deactivating autopickup; reactivate with Ctrl-A.
Xom thinks this is hilarious!
Something hits you but does no damage. Something hits you.
* * * LOW HITPOINT WARNING * * *
Something shocks you!
You die...

#.).....###.#...#.##########.##
###.......).......#........#...#
.....###..........########.#.#.#
.....# #.................#.#.#.#
.....# #..........######.#.#.#.#
.....####.........# #.#.#.#
.............>..### #.#.#.#
.....#.######.#{######## #.#.#.#
.....#..........@....... #.#.#.#
....##.###.##.#.######## #.#.#.#
.......###.##.#.# #.#.#.#
..###......##.#.# #.#...#
#.#...####)##.#.# #.######
#.#......#....#.# #......#
#...####.#.#..#.# ########
##..#....#.#..#.#
#...#.#....#..#.########


There were no monsters in sight!

Vanquished Creatures
  A gnoll (D:1)
  A dart slug (D:1)
  4 giant cockroaches (D:1)
  3 goblins (D:1)
  6 hobgoblins (D:1)
  A ball python (D:1)
  3 bats (D:1)
  2 kobolds (D:1)
  3 rats (D:1)
24 creatures vanquished.

Vanquished Creatures (others)
  A bat (D:1)
1 creature vanquished.

Grand Total: 25 creatures vanquished

Notes
Turn   | Place    | Note
-------+----------+-------------------------------------------
     0 | D:1      | FishyPogo the Demonspawn Chaos Knight began the quest for
                  | the Orb.
     0 | D:1      | Reached XP level 1. HP: 18/18 MP: 1/1
    36 | D:1      | XOM: silly message
    39 | D:1      | Reached skill level 1 in Dodging
    53 | D:1      | XOM: swap monsters
   190 | D:1      | Gained mutation: You are immune to rotting. [demonic
                  | ancestry]
   190 | D:1      | Reached XP level 2. HP: 17/24 MP: 2/2
   376 | D:1      | XOM: polymorph frilled lizard -> giant cockroach
   447 | D:1      | Gained mutation: You may emit foul miasma when damaged in
                  | melee. [demonic ancestry]
   447 | D:1      | Reached XP level 3. HP: 17/29 MP: 3/3
   915 | D:1      | XOM: summons 1 hostile demon
   916 | D:1      | Noticed a sixfirhy
   918 | D:1      | Mangled by a sixfirhy

Levels and vault maps discovered:
D:1:      wander_arrival_desolate, layout_basic, hangedman_abyss_or_decor_stabs,
          minmay_heptomino_l4

Skill      XL: |  1  2 |
---------------+-------+-----
Dodging        | 1 |  1.0
Short Blades   | 3 |  3.4
Armour         | 2 |  2.2
Fighting       | |  3.3

Action                   || total
-------------------------++-------
Melee: Short sword       ||    92
 Stab: Paralysed         ||     3
Armor: Leather armour    ||    34
Dodge: Dodged            ||    61
